 Dungeon Crawl Stone Soup version 0.30-a0-722-g3e6e8c874d (webtiles) character file.

Game seed: 5881719720899446262

1525 Sabo the Thaumaturge (level 8, -1/42 HPs)
             Began as a Deep Elf Air Elementalist on Jan 27, 2023.
             Slain by a gnoll
             ... wielding a +3 halberd
             ... led by a gnoll bouda
              (6 damage)
             ... on level 5 of the Dungeon.
             The game lasted 00:37:41 (8039 turns).

Sabo the Thaumaturge (Deep Elf Air Elementalist)    Turns: 8039, Time: 00:37:42

Health: -1/42      AC:  2    Str:  5    XL:     8   Next: 54%
Magic:  10/22      EV: 13    Int: 23    God:
Gold:   313        SH:  0    Dex: 15    Spells: 18/23 levels left

rFire   . . .      SeeInvis .    f - +2 spear (flame)
rCold   + + .      Faith    .    (no shield)
rNeg    . . .      Spirit   .    H - +0 robe {rC+}
rPois   .          Reflect  .    (no helmet)
rElec   .          Harm     .    (no cloak)
rCorr   .          Rampage  .    (no gloves)
Will    +....                    (no boots)
Stlth   ++                       n - amulet of regeneration
HPRegen 1.07/turn                z - ring of protection from cold
MPRegen 0.18/turn                G - ring of willpower

@: no status effects
A: no striking features
a: no special abilities


You were on level 5 of the Dungeon.
You visited 1 branch of the dungeon, and saw 5 of its levels.

You collected 313 gold pieces.

Inventory:

Hand Weapons
 f - a +2 spear of flaming (weapon)
 g - a +0 sling
 E - a +4 dagger
Missiles
 d - 17 poisoned darts (quivered)
 r - 6 javelins
 t - 5 boomerangs
 y - 3 silver boomerangs
Armour
 o - the +5 ring mail of Peek-a-Boo {rF+ rCorr Int+2 Stlth+}
   (You found it on level 2 of the Dungeon)

   Int:       It affects your intelligence (+2).
   rF:        It protects you from fire.
   rCorr:     It protects you from acid and corrosion.
   Stlth:     It makes you more stealthy.
 H - a +0 robe of cold resistance (worn)
Jewellery
 n - an amulet of regeneration (around neck)
 z - a ring of protection from cold (left hand)
 G - a ring of willpower (right hand)
Wands
 b - a wand of iceblast (7)
 p - a wand of digging (4)
 D - a wand of flame (3)
 I - a wand of charming (5)
Scrolls
 a - a scroll of magic mapping
 i - a scroll of amnesia {unknown}
 j - 5 scrolls of teleportation
 k - 2 scrolls of fear
 l - 2 scrolls of brand weapon {unknown}
 w - 3 scrolls of fog
 B - a scroll of butterflies {unknown}
 C - a scroll of blinking {unknown}
Potions
 c - 2 potions of attraction {unknown}
 e - a potion of flight {unknown}
 h - 4 potions of curing
 m - a potion of berserk rage {unknown}
 q - a potion of lignification {unknown}
 s - a potion of haste {unknown}
 u - a potion of mutation {unknown}
 v - a potion of might {unknown}
 x - a potion of cancellation {unknown}
 A - a potion of resistance {unknown}
 F - a potion of heal wounds {unknown}


   Skills:
 + Level 0.5 Fighting
 + Level 1.1 Polearms
 + Level 3.2 Dodging
 + Level 3.1 Stealth
 + Level 8.3 Spellcasting
 + Level 6.1 Conjurations
 + Level 6.8 Air Magic


You had 18 spell levels left.
You knew the following spells:

 Your Spells              Type           Power      Damage    Failure   Level
a - Shock                 Conj/Air       100%       1d9       1%          1
b - Airstrike             Air            20%        2d(3-19)  4%          4

Your spell library contained the following spells:

 Spells                   Type           Power      Damage    Failure   Level
 Static Discharge         Conj/Air       78%        2-6/arc   1%          2
 Swiftness                Air            40%        N/A       1%          3


Dungeon Overview and Level Annotations

Branches:
Dungeon (5/15)
 Temple: D:4-7

Altars:
Elyvilon
Trog
Wu Jian
Xom
Yredelemnul
Zin


Message History

The zap hits the gnoll.
You kill the gnoll!
The zap hits the gnoll.
The gnoll is moderately wounded.
Casting: Shock (safe; 1% risk of failure)
Confirm with . or Enter, or press ? or * to list all spells.
Aiming: Shock (safe; 1% risk of failure)
Press: ? - help, Shift-Dir - straight line, f - gnoll bouda
Aim: a gnoll bouda, wielding a +0 club and wearing a +1 leather armour of willpower (77% to hit)
The zap hits the gnoll bouda.
The gnoll bouda is lightly wounded.
The gnoll bouda hits you with a +0 club.
The gnoll misses you.
Casting: Shock (safe; 1% risk of failure)
Confirm with . or Enter, or press ? or * to list all spells.
Aiming: Shock (safe; 1% risk of failure)
Press: ? - help, Shift-Dir - straight line, f/p - gnoll bouda
Aim: a gnoll bouda, wielding a +0 club and wearing a +1 leather armour of willpower (lightly wounded, 77% to hit)
The zap hits the gnoll bouda.
The gnoll bouda is moderately wounded.
The gnoll bouda closely misses you.
The gnoll hits you from afar with a +3 halberd!
Casting: Shock (safe; 1% risk of failure)
Confirm with . or Enter, or press ? or * to list all spells.
Aiming: Shock (safe; 1% risk of failure)
Press: ? - help, Shift-Dir - straight line, f/p - gnoll bouda
Aim: a gnoll bouda, wielding a +0 club and wearing a +1 leather armour of willpower (moderately wounded, 77% to hit)
The zap hits the gnoll bouda!
The gnoll bouda is severely wounded.
The gnoll bouda closely misses you. The gnoll closely misses you.
You closely miss the gnoll bouda.
The gnoll bouda is severely wounded.
The gnoll bouda hits you with a +0 club.
The gnoll hits you from afar with a +3 halberd!
You hit the gnoll bouda. You burn the gnoll bouda.
The gnoll bouda is almost dead.
The gnoll bouda hits you with a +0 club!
* * * LOW HITPOINT WARNING * * *
The gnoll hits you from afar with a +3 halberd.
You die...

#.## ...
#..##....
#...#....
#........
#...)...#
#....#
#.)g.#
#g).##
#@..#
#...# ..
##..##
#.# #...#
.. #...#
.# #...#
#. #...#
.# #...#
##.#
##..#
#..#


You could see a gnoll bouda and a gnoll (swift).

Vanquished Creatures
  Pikel (D:5)
  Grinder (D:5)
  Menkaure (D:5)
  A water moccasin (D:5)
  3 lemures (D:5)
  A kobold brigand (D:5)
  A water moccasin zombie (D:4)
  A jelly (D:3)
  An orc priest (D:4)
  A hound (D:4)
  Jessica (D:2)
  An iguana (D:4)
  4 orc wizards
  2 scorpion zombies (D:4)
  A howler monkey zombie (D:4)
  16 gnolls
  3 adders
  A shadow imp (D:5)
  2 white imps (D:5)
  2 ufetubi
  2 worms
  A dart slug (D:4)
  20 orcs
  9 endoplasms
  5 giant cockroaches
  3 goblins
  6 hobgoblins
  23 kobolds
  5 quokkas
  9 ball pythons
  5 bats
  7 frilled lizards
  9 rats
149 creatures vanquished.

Vanquished Creatures (others)
  2 demonic plants (D:5)
  59 plants
61 creatures vanquished.

Grand Total: 210 creatures vanquished

Notes
Turn   | Place    | Note
-------+----------+-------------------------------------------
     0 | D:1      | Sabo the Deep Elf Air Elementalist began the quest for the
                  | Orb.
     0 | D:1      | Reached XP level 1. HP: 10/10 MP: 6/6
   342 | D:1      | Reached XP level 2. HP: 15/15 MP: 2/8
  1323 | D:2      | Reached XP level 3. HP: 19/19 MP: 8/10
  1490 | D:2      | Found a faded altar of an unknown god.
  1569 | D:2      | Reached XP level 4. HP: 15/24 MP: 0/11
  1985 | D:2      | Identified the +5 ring mail of Peek-a-Boo {rF+ rCorr Int+2
                  | Stlth+}
  2113 | D:2      | Noticed Jessica
  2120 | D:2      | Killed Jessica
  2228 | D:2      | Reached skill level 4 in Spellcasting
  3657 | D:3      | Reached XP level 5. HP: 28/28 MP: 11/13
  3791 | D:3      | Found a bloodstained altar of Trog.
  4766 | D:4      | Learned a level 4 spell: Airstrike
  4814 | D:4      | Reached skill level 1 in Polearms
  4821 | D:4      | Reached skill level 5 in Spellcasting
  4821 | D:4      | Reached XP level 6. HP: 32/32 MP: 7/15
  5437 | D:4      | Found an ornate altar of the Wu Jian Council.
  5603 | D:4      | Reached skill level 6 in Spellcasting
  5603 | D:4      | Reached skill level 5 in Air Magic
  5729 | D:4      | Reached XP level 7. HP: 35/36 MP: 11/18
  5832 | D:4      | Found a basalt altar of Yredelemnul.
  6148 | D:4      | Found a glowing silver altar of Zin.
  6415 | D:4      | Found a shimmering altar of Xom.
  6670 | D:5      | Entered Level 5 of the Dungeon
  7289 | D:5      | Noticed Menkaure
  7299 | D:5      | Killed Menkaure
  7524 | D:5      | Reached skill level 7 in Spellcasting
  7524 | D:5      | Reached skill level 5 in Conjurations
  7563 | D:5      | Noticed Pikel
  7596 | D:5      | Killed Pikel
  7597 | D:5      | Reached XP level 8. HP: 12/42 MP: 7/21
  7716 | D:5      | Found a white marble altar of Elyvilon.
  7792 | D:5      | Noticed Grinder
  7806 | D:5      | Killed Grinder
  7807 | D:5      | Reached skill level 8 in Spellcasting
  8039 | D:5      | Slain by a gnoll

Illustrated notes

Levels and vault maps discovered:
D:1:      dpeg_arrival_central, layout_rooms
D:2:      layout_basic, basic_ecumenical_altar, minmay_small_reverse_x,
          uniq_jessica
D:3:      layout_basic, mainiacjoe_overflow_concentric_impassable
D:4:      layout_loops_ring, nicolae_yredelemnul_corpse_copse, tgw_xom,
          mainiacjoe_overflow_boulevard, mainiacjoe_overflow_alcove_1,
          nrook_mini_vaults, minmay_misc_feat_four_crosses,
          eino_small_chamber_without_monster
D:5:      kennysheep_kobold_camp, layout_cave_pods, elyvilon_altar_5,
          serial_demonic, serial_demonic_g, serial_demonic_f, serial_demonic_e,
          serial_demonic_c, serial_demonic_e, serial_demonic_e,
          uniq_crazy_yiuf_cottage, uniq_menkaure, uniq_pikel, uniq_grinder,
          uniq_ijyb

Skill      XL: |  1  2  3  4  5  6  7  8 |
---------------+-------------------------+-----
Conjurations   | 2 3 4 5 6 |  6.1
Air Magic      | 4 5 6 |  6.8
Spellcasting   | 4 5 6 7 8 |  8.3
Polearms       | 1 |  1.1
Stealth        | 3 |  3.1
Dodging        | 3 |  3.2
Fighting       | |  0.5

Action                     |  1- 3 |  4- 6 |  7- 9 || total
---------------------------+-------+-------+-------++-------
  Melee: Spear             |    17 |    37 |     9 ||    63
         Punch             |       |       |     1 ||     1
   Cast: Shock             |    60 |   135 |   166 ||   361
    Use: Scroll            |     3 |     2 |     2 ||     7
         Potion            |       |       |     1 ||     1
   Stab: Sleeping          |     1 |       |       ||     1
 Armour: Robe              |     2 |     3 |     2 ||     7
  Dodge: Dodged            |    13 |    36 |    41 ||    90

Table legend: (Time is in decaauts)
 A = Elapsed time spent in this place.
 B = Non-inter-level travel time spent in this place.
 C = Inter-level travel time spent in this place.
 D = Time resting spent in this place.
 E = Time spent auto-exploring this place.
 F = Levels seen in this place.
 G = Mean time per level.
                   A        B        C        D        E       F      G
               +--------+--------+--------+--------+--------+-----+--------+
         Total |   8050 |   8050 |      0 |   3191 |      0 |   5 | 1610.0 |
       Dungeon |   8050 |   8050 |      0 |   3191 |      0 |   5 | 1610.0 |
               +--------+--------+--------+--------+--------+-----+--------+

Top non-repeatable levels by time:
     D:4: 2170 daAuts
     D:2: 1986 daAuts
     D:5: 1370 daAuts
     D:1: 1264 daAuts
     D:3: 1259 daAuts
